 Dungeon Crawl Stone Soup version 0.20.1-1-g8b1a95d (webtiles) character file.

27 jmlagarto the Slasher (level 3, -16/34 HPs)
             Began as a Naga Chaos Knight on Sept 17, 2017.
             Demolished by a small abomination (18 damage)
             ... summoned by the capriciousness of Xom
             ... on level 1 of the Dungeon.
             The game lasted 00:00:44 (623 turns).

jmlagarto the Slasher (Naga Chaos Knight)            Turns: 623, Time: 00:00:45

Health: -16/34     AC:  4    Str: 15    XL:     3   Next: 10%
Magic:  3/3        EV:  9    Int: 12    God:    Xom [..*...]
Gold:   56         SH:  0    Dex: 10    Spells: 2/2 levels left

rFire    . . .     SeeInvis +   a - +0 falchion (chaos)
rCold    . . .     Gourm    .   (no shield)
rNeg     . . .     Faith    .   b - +2 leather armour
rPois    +         Spirit   .   (no helmet)
rElec    .         Reflect  .   (no cloak)
rCorr    .         Harm     .   (no gloves)
MR       .....                  (no barding)
Stlth    +.........             (no amulet)
Regen    0.2/turn               (no ring)
MPRegen  0.1/turn               (no ring)

@: very slow
A: see invisible, deformed body, poison resistance, slowness 2, slow metabolism
1, spit poison 1, AC +1
a: Spit Poison, Renounce Religion


You were on level 1 of the Dungeon.
You worshipped Xom.
You were a toy of Xom.
You were not hungry.

You visited 1 branch of the dungeon, and saw 1 of its levels.

You collected 56 gold pieces.

Inventory:

Hand Weapons
 a - a +0 falchion of chaos (weapon)
Armour
 b - a +2 leather armour (worn)
Scrolls
 i - a scroll of identify {unknown}
 j - a scroll of remove curse {unknown}
Potions
 d - a potion of cancellation {unknown}
 e - a potion of heal wounds {unknown}
 g - a potion of agility {unknown}
 h - a potion of resistance {unknown}
Comestibles
 c - a bread ration
 f - 4 fruits


   Skills:
 + Level 3.4 Fighting
 + Level 3.5 Long Blades
 + Level 1.6 Armour
 + Level 1.0 Dodging


You had 2 spell levels left.
You didn't know any spells.

Dungeon Overview and Level Annotations

Branches:
Dungeon (1/15)

Altars:


Innate Abilities, Weirdness & Mutations

You cannot wear boots.
Your serpentine skin is tough. (AC +1)
You have supernaturally acute eyesight. (SInv)
Armour fits poorly on your strangely shaped body.
Your system is resistant to poisons. (rPois)
You cover ground very slowly.
You have a slow metabolism.
You can spit poison.


Message History

A chorus of moans calls out to you!
You are now a toy of Xom.
You see here 3 gold pieces.
The small abomination closely misses you.
You hit the small abomination but do no damage.
The small abomination hits you!
The small abomination completely misses you.
You riposte.
You hit the small abomination.
The small abomination seems to speed up.
The small abomination is lightly damaged.
You closely miss the small abomination.
The small abomination is lightly damaged.
The small abomination hits you!
* * * LOW HITPOINT WARNING * * *
The small abomination hits you!
* * * LOW HITPOINT WARNING * * *
The small abomination hits you!!
Ouch! That really hurt!
You die...
Xom chortles!

.. #. # ############.
#.##............#####
#..x@$.........#.....
####x#######......###
#.# #.....†)). #.#
#......### ### #.#
#.....## # ..# #.##
#..#.## #.# #..#
##..#.# #.# ##.#
#...#.# #.# #.#
#.....# #


You could see 2 small abominations.

Vanquished Creatures
  A gnoll (D:1)
  A dart slug (D:1)
  A leopard gecko (D:1)
  A hobgoblin (D:1)
  2 bats (D:1)
  A frilled lizard (D:1)
  3 goblins (D:1)
  2 kobolds (D:1)
  4 rats (D:1)
16 creatures vanquished.

Notes
Turn   | Place    | Note
-------+----------+-------------------------------------------
     0 | D:1      | jmlagarto the Naga Chaos Knight began the quest for the Orb.
     0 | D:1      | Reached XP level 1. HP: 21/21 MP: 1/1
   127 | D:1      | Reached XP level 2. HP: 28/28 MP: 2/2
   155 | D:1      | XOM: silly message
   172 | D:1      | Reached skill level 1 in Dodging
   317 | D:1      | XOM: potion effect (brilliance)
   321 | D:1      | Reached XP level 3. HP: 10/34 MP: 3/3
   620 | D:1      | XOM is BORED!
   620 | D:1      | XOM: medium Summ miscast
   621 | D:1      | Noticed a small abomination
   621 | D:1      | Noticed a small abomination
   623 | D:1      | Demolished by a small abomination

Skill      XL: |  1  2 |
---------------+-------+-----
Dodging        | 1 |  1.0
Fighting       | |  3.4
Long Blades    | |  3.5
Armour         | |  1.6

Action                   || total
-------------------------++-------
Melee: Falchion          ||    46
 Stab: Sleeping          ||     1
Armor: Leather armour    ||    14
Dodge: Dodged            ||    15
       Rpst.: Falchion   ||     3
